 Dungeon Crawl Stone Soup version 0.30.1-9-gdf580d7c3d (webtiles) character file.

Game seed: 9598212399032895045

7863 KittyFluff the Protected (level 11, 0/68 HPs)
             Began as a Gargoyle Berserker on Oct 16, 2023.
             Was a High Priest of Trog.
             Slain by a red devil
             ... wielding a +0 trident
              (10 damage)
             ... on level 10 of the Dungeon.
             The game lasted 00:47:04 (8467 turns).

KittyFluff the Protected (Gargoyle Berserker)       Turns: 8467, Time: 00:47:07

Health: 0/68       AC: 23    Str: 25    XL:     11   Next: 21%
Magic:  11/11      EV: 20    Int:  8    God:    Trog [*****.]
Gold:   287        SH:  5    Dex: 19    Spells: 10/10 levels left

rFire   . . .        y - +7 hammer of Evil {vamp, Dex+4}
rCold   . . .        Y - +0 buckler
rNeg    + . .        W - +0 steam dragon scales
rPois   ∞            (no helmet)
rElec   +            x - +1 cloak {rCorr}
rCorr   +            l - +2 pair of gloves
SInv    .            K - +1 pair of boots
Will    .....        (no amulet)
Stlth   ++           w - +6 ring of dexterity
HPRegen 0.31/turn    P - +5 ring of evasion
MPRegen 0.12/turn

%: no passive effects
@: spiked
A: sickness immunity, AC +8, negative energy resistance 1, electricity
resistance, torment resistance 1, petrification resistance
a: Renounce Religion, Berserk, Trog's Hand, Brothers in Arms


You were on level 10 of the Dungeon.
You worshipped Trog.
Trog was extremely pleased with you.
You visited 1 branch of the dungeon, and saw 10 of its levels.
You also visited: Sewer.

You collected 547 gold pieces.
You spent 260 gold pieces at shops.

Inventory:

Hand Weapons
 y - the +7 hammer of Evil (weapon) {vamp, Dex+4}
   (You found it on level 2 of the Dungeon)

   Dex:       It affects your dexterity (+4).
 C - a +0 sling
 N - a +0 flail of protection
 O - a +2 heavy flail
 Q - a +0 shortbow
 X - the +6 quarterstaff of Gluttony {freeze, Int+2}
   (You took it off a gnoll on level 9 of the Dungeon)

   Int:       It affects your intelligence (+2).
 Z - a +1 morningstar
Missiles
 b - 2 throwing nets
 e - 27 poisoned darts (quivered)
 F - 5 curare-tipped darts
 L - 15 boomerangs
Armour
 l - a +2 pair of gloves (worn)
 x - a +1 cloak of preservation (worn)
 J - +0 fire dragon scales
 K - a +1 pair of boots (worn)
 W - +0 steam dragon scales (worn)
 Y - a +0 buckler (worn)
Jewellery
 m - a ring of flight
 n - a ring of ice
 q - a ring of ice
 w - a +6 ring of dexterity (left hand)
 P - a +5 ring of evasion (right hand)
Wands
 p - a wand of quicksilver (2)
 v - a wand of roots (9)
 z - a wand of digging (4)
 V - a wand of mindburst (19)
Scrolls
 c - a scroll of noise {unknown}
 d - 4 scrolls of teleportation
 g - 2 scrolls of vulnerability {unknown}
 h - 5 scrolls of enchant armour
 j - 3 scrolls of fog {unknown}
 o - 2 scrolls of magic mapping
 u - 4 scrolls of amnesia {unknown}
 B - a scroll of fear
 D - a scroll of summoning {unknown}
 H - a scroll of enchant weapon {unknown}
 T - 2 scrolls of blinking {unknown}
 U - a scroll of immolation {unknown}
Potions
 a - a potion of cancellation
 f - 4 potions of attraction
 i - a potion of resistance
 k - 2 potions of ambrosia
 r - 7 potions of mutation
 s - 6 potions of heal wounds
 t - 4 potions of might
 A - a potion of degeneration {unknown}
 E - 3 potions of haste {unknown}
 G - 3 potions of brilliance {unknown}
 I - 2 potions of magic {unknown}
 M - 3 potions of curing {unknown}
 S - 3 potions of flight {unknown}
Miscellaneous
 R - a tin of tremorstones (2/2)


   Skills:
 + Level 8.2 Fighting
 * Level 10.3 Maces & Flails
 * Level 10.9 Armour
 + Level 5.9 Dodging
 + Level 2.5 Shields


You had 10 spell levels left.
You didn't know any spells.
Your spell library was empty.

Dungeon Overview and Level Annotations

Branches:
Dungeon (10/15)            Temple (0/1) D:6            Lair (0/5) D:8
  Sewer (visited)
    Orc: D:9-12

Altars:
Cheibriados
Dithmenos
Elyvilon
Hepliaklqana

Shops:
D:2 [   D:5 (

Annotations:
D:10 1 transporter


Innate Abilities, Weirdness & Mutations

You are immune to sickness and miasma.
Your stone body is resilient. (AC +8)
You are immune to poison.
You resist negative energy. (rN+)
You are resistant to electric shocks. (rElec)
You are resistant to unholy torment.
You are immune to petrification.


Message History

The red devil completely misses you.
You sock the orange demon!
You kill the orange demon!
Trog accepts your kill.
The red devil hits you from afar with a +0 trident.
Barbed spikes become lodged in your body.
The barbs in your skin will harm you if you move.
Continue?
Okay, then.
Throw: 28 darts (poison)
Press: ? - help, Q - select action, (/) - cycle Shift-Dir - straight line, f - red devil
Aim: a red devil, wielding a +0 trident (56% to hit)
You throw a poisoned dart.
The poisoned dart barely misses the red devil.
The poisoned dart barely misses the red devil.
The red devil misses you.
The barbs in your skin will harm you if you move.
Continue?
The barbed spikes dig painfully into your body as you move.
* * * LOW HITPOINT WARNING * * *
The red devil closely misses you. The red devil barely misses you.
You hit the red devil.
The red devil is lightly wounded.
You block the red devil's attack.
The red devil hits you but does no damage.
You sock the red devil!
The red devil is moderately wounded.
You block the red devil's attack. x2
You hit the red devil but do no damage.
The red devil is moderately wounded.
The red devil hits you but does no damage.
You block the red devil's attack.
You hit the red devil.
The red devil is moderately wounded.
You block the red devil's attack. The red devil misses you.
You closely miss the red devil.
The red devil is moderately wounded.
The red devil hits you from afar with a +0 trident!
* * * LOW HITPOINT WARNING * * *
Barbed spikes become lodged in your body.
The red devil hits you with a +0 trident!
You die...

#.. #..##....<...#
#..#.
#...#..#.......)##
.../.
#.........#####.#
..... #.........#
##.# .....
#...#..#4.# #...#
..... #..
#..##.##..### #.
#?..$#c#..##########
#
#)..?#...###........
##(.##(.44@..#
#..#..#######
......# ....!.#
#..#..# #..##.# ..
#.#


You could see 2 red devils and a centaur (wandering).

Vanquished Creatures
  A two-headed ogre (D:9)
  Joseph (D:8)
  3 orange demons (D:10)
  Maggie (D:7)
  Grinder (Sewer)
  Prince Ribbit (D:7)
  2 wyverns
  A yak (D:8)
  6 steam dragons
  An acid dragon (D:9)
  2 water moccasins
  3 sky beasts
  2 ice beasts
  An orc warrior (D:9)
  A black bear (D:8)
  2 centaurs
  3 phantoms
  6 kobold brigands
  2 gnoll sergeants
  3 bullfrogs
  2 water moccasin zombies (D:5)
  13 wights (D:8)
  6 killer bees
  A howler monkey (D:8)
  The ghost of Nedac819 the Sneak, a weakling KoDe (D:5)
  A quasit (Sewer)
  4 hounds
  2 orc priests
  Crazy Yiuf (D:2)
  4 jellies
  A sleepcap (D:7)
  8 orc wizards
  A mummy (D:7)
  A howler monkey zombie (D:5)
  17 gnolls
  6 adders
  A river rat (D:4)
  4 shadow imps
  2 white imps
  4 ufetubi
  A worm (D:3)
  25 orcs
  14 ball pythons
  7 bats
  10 endoplasms
  8 giant cockroaches
  5 goblins
  9 hobgoblins
  4 jackals (D:4)
  3 quokkas
  4 frilled lizards
  A giant cockroach zombie (Sewer)
  29 kobolds
  A kobold zombie (Sewer)
  5 rats
249 creatures vanquished.

Notes
Turn   | Place    | Note
-------+----------+-------------------------------------------
     0 | D:1      | KittyFluff the Gargoyle Berserker began the quest for the
                  | Orb.
     0 | D:1      | Reached XP level 1. HP: 14/14 MP: 1/1
   198 | D:1      | Reached XP level 2. HP: 10/19 MP: 2/2
   719 | D:1      | Reached ** piety under Trog
   720 | D:1      | Reached XP level 3. HP: 20/23 MP: 3/3
   752 | D:1      | Found a faded altar of an unknown god.
  1149 | D:2      | Found a runed translucent door.
  1150 | D:2      | Noticed Crazy Yiuf
  1369 | D:2      | Found Faomyhic's Armour Emporium.
  1436 | D:2      | Reached XP level 4. HP: 29/29 MP: 4/4
  1796 | D:2      | Killed Crazy Yiuf
  1819 | D:2      | Identified the +7 hammer of Evil {vamp, Dex+4}
  2160 | D:3      | Reached XP level 5. HP: 33/33 MP: 5/5
  2317 | D:3      | You are sucked into a shaft and drop 1 floor!
  2341 | D:4      | Noticed a phantom
  2349 | D:4      | Killed a phantom
  2426 | D:4      | Reached XP level 6. HP: 26/38 MP: 6/6
  2765 | D:4      | Reached *** piety under Trog
  2782 | D:4      | Found a glowing drain.
  2790 | Sewer    | Entered a sewer
  2979 | Sewer    | Found a burning altar of Makhleb.
  2994 | Sewer    | Reached skill level 5 in Maces & Flails
  3015 | Sewer    | Reached XP level 7. HP: 44/44 MP: 7/7
  3159 | Sewer    | Reached skill level 5 in Armour
  3189 | Sewer    | Noticed Grinder
  3201 | Sewer    | Killed Grinder
  3799 | D:5      | Entered Level 5 of the Dungeon
  3843 | D:4      | Reached skill level 5 in Fighting
  3878 | D:5      | Reached **** piety under Trog
  3913 | D:5      | Reached XP level 8. HP: 49/49 MP: 8/8
  4095 | D:5      | Found a transporter.
  4133 | D:5      | Identified the +5 falchion of Undoing {elec, rF+}
  4150 | D:5      | Found a transporter.
  4154 | D:5      | Noticed Nedac819's ghost (weakling KoDe)
  4171 | D:5      | Found a white marble altar of Elyvilon.
  4323 | D:5      | Found Cuirch's Weapon Shop.
  4690 | D:5      | Killed Nedac819's ghost
  4978 | D:6      | Reached XP level 9. HP: 55/55 MP: 9/9
  4992 | D:6      | Reached ***** piety under Trog
  5302 | D:6      | Found a staircase to the Ecumenical Temple.
  5353 | D:6      | Found a hazy altar of Hepliaklqana.
  5563 | D:7      | Noticed Prince Ribbit
  5596 | D:7      | Killed Prince Ribbit
  5757 | D:7      | Found a shadowy altar of Dithmenos.
  6067 | D:7      | Noticed Maggie
  6085 | D:7      | Killed Maggie
  6171 | D:7      | Reached XP level 10. HP: 63/63 MP: 10/10
  6253 | D:7      | Found a snail-covered altar of Cheibriados.
  6362 | D:8      | Noticed Joseph
  6525 | D:8      | Reached skill level 5 in Dodging
  6659 | D:8      | Killed Joseph
  6780 | D:8      | Found a staircase to the Lair.
  7090 | D:8      | Found Qyateoq's Magic Scroll Shop.
  7108 | D:8      | Reached skill level 10 in Armour
  7227 | D:8      | Bought a scroll of teleportation for 30 gold pieces
  7227 | D:8      | Bought a scroll of identify for 20 gold pieces
  7233 | D:8      | Bought a scroll of magic mapping for 75 gold pieces
  7233 | D:8      | Bought a scroll of identify for 20 gold pieces
  7233 | D:8      | Bought a scroll of enchant armour for 75 gold pieces
  7233 | D:8      | Bought a scroll of fear for 40 gold pieces
  7634 | D:9      | Identified the +6 quarterstaff of Gluttony {freeze, Int+2}
  7782 | D:9      | Identified the +3 great sword "Duikowy" {flame, rC+ Dex-5
                  | SInv} (Trog gifted it to you on level 9 of the Dungeon)
  7782 | D:9      | Received a gift from Trog
  7797 | D:9      | Reached skill level 1 in Shields
  8119 | D:9      | Noticed a two-headed ogre
  8134 | D:9      | Killed a two-headed ogre
  8135 | D:9      | Reached skill level 10 in Maces & Flails
  8135 | D:9      | Reached XP level 11. HP: 65/68 MP: 11/11
  8327 | D:10     | Entered Level 10 of the Dungeon
  8327 | D:10     | Found a transporter.
  8467 | D:10     | Slain by a red devil

Illustrated notes

Levels and vault maps discovered:
D:1:      heliophobic_arrival_glass_houses, layout_basic,
          dreamdust_ecumenical_altar_grove, minmay_pentomino_s2
D:2:      layout_basic, serial_shops, shop, uniq_crazy_yiuf_cottage
D:3:      layout_loops_corners, trog_butcher_becter,
          nicolae_overflow_hidden_temple
D:4:      layout_basic, portal_sewer_entry_e
D:5:      layout_loops_ring, nicolae_elyvilon_peaceful_grove,
          gammafunk_ghost_mausoleum, serial_shops, nicolae_shop_hallway_plus,
          minmay_fountain_box
D:6:      layout_loops_ring, nicolae_overflow_crystal_walls,
          minmay_temple_entry_junction
D:7:      layout_rooms, slow_altar_2, kennysheep_little_box,
          minmay_chambers_of_fives, uniq_maggie, uniq_prince_ribbit1
D:8:      layout_basic, david_lair_generic, serial_shops,
          nicolae_shop_peninsula, uniq_joseph
D:9:      layout_long_grid, st_stairs_5, kennysheep_generic_room_11
D:10:     gammafunk_wand_slinger, layout_rooms, nicolae_uskayaw_en_pointe,
          orc_0_dummy, nicolae_trove_entry_isolated, minmay_beelzebubs_servants,
          uniq_snorg

Skill      XL: |  1  2  3  4  5  6  7  8  9 10 11 |
---------------+----------------------------------+-----
Armour         | 3 4 5 7 9 10 | 10.9
Dodging        | 2 3 4 5 |  5.9
Maces & Flails | 4 5 7 8 10 | 10.3
Fighting       | 4 5 7 8 |  8.2
Shields        | 1 2 |  2.5

Action                     |  1- 3 |  4- 6 |  7- 9 | 10-12 || total
---------------------------+-------+-------+-------+-------++-------
  Melee: Mace              |   101 |   173 |   249 |   312 ||   835
         Punch             |     1 |     1 |     2 |     2 ||     6
         Flail             |       |       |   127 |       ||   127
  Throw: Dart              |       |       |       |     1 ||     1
 Invoke: Berserk           |       |     1 |       |       ||     1
    Use: Scroll            |       |       |       |     8 ||     8
   Stab: Sleeping          |       |     3 |       |       ||     3
 Armour: Animal skin       |    43 |    18 |       |       ||    61
         Leather armour    |       |    68 |   222 |       ||   290
         Steam dragon scal |       |       |     4 |   115 ||   119
  Dodge: Dodged            |    79 |   133 |   285 |   315 ||   812
  Block: Buckler           |       |       |       |    46 ||    46
